 Dungeon Crawl Stone Soup version 0.18.1-48-g4cf74bf (webtiles) character file.

55 emcmxci the Slasher (level 3, 0/24 HPs)
             Began as a High Elf Skald on Aug 1, 2016.
             Slain by a jackal (2 damage)
             ... on level 2 of the Dungeon.
             The game lasted 00:06:52 (1885 turns).

emcmxci the Slasher (High Elf Skald)                Turns: 1885, Time: 00:06:53

Health: 0/24       AC:  3    Str: 12    XL:     3   Next: 67%
Magic:  7/7        EV: 11    Int: 15    God:
Gold:   61         SH:  0    Dex: 15    Spells: 3 memorised, 2 levels left

rFire  . . .     SeeInvis .     a - +0 falchion
rCold  . . .     Gourm    .     b - +0 leather armour
rNeg   . . .     Faith    .     (no shield)
rPois  .         Spirit   .     (no helmet)
rElec  .         Dismiss  .     (no cloak)
rCorr  .         Reflect  .     (no gloves)
SustAt .         Harm     .     (no boots)
MR     .....                    (no amulet)
Stlth  +.........               (no ring)
                                (no ring)

@: not resistant to hostile enchantments, very unstealthy
A: no striking features
a: no special abilities


You were on level 2 of the Dungeon.
You were very hungry.

You visited 1 branch of the dungeon, and saw 2 of its levels.

You collected 61 gold pieces.

Inventory:

Hand Weapons
 a - a +0 falchion (weapon)
 e - a cursed -1 short sword
Armour
 b - a +0 leather armour (worn)
Potions
 f - a potion of ambrosia {unknown}
 g - a potion of cure mutation {unknown}
 i - a potion of might {unknown}
 k - a potion of lignification {unknown}
Books
 c - a book of Battle

   Spells                             Type                      Level
   a - Infusion                       Charms                       1
   b - Shroud of Golubria             Charms/Translocation         2
   c - Song of Slaying                Charms                       2
   d - Spectral Weapon                Hexes/Charms                 3
   e - Regeneration                   Charms/Necromancy            3
Comestibles
 d - 2 bread rations
 h - a beef jerky
 j - a slice of pizza


   Skills:
 - Level 2.0 Fighting
 + Level 4.8 Long Blades
 - Level 0.8 Armour
 - Level 1.1 Dodging
 - Level 2.5 Spellcasting
 - Level 3.7 Charms


You had 2 spell levels left.
You knew the following spells:

 Your Spells              Type           Power        Failure   Level  Hunger
a - Infusion              Chrm           ##..         8%          1    #......
b - Song of Slaying       Chrm           ##......     12%         2    ###....
c - Shroud of Golubria    Chrm/Tloc      #.........   21%         2    ###....


Dungeon Overview and Level Annotations

Branches:
Dungeon (2/15)

Altars:
Dithmenos


Message History

The jackal bites you.
* * * LOW HITPOINT WARNING * * *
You are too injured to fight recklessly!
You closely miss the jackal. The jackal barely misses you.
You hit the jackal but do no damage. The jackal bites you.
* * * LOW HITPOINT WARNING * * *
The jackal misses you.
You hit the jackal.
The jackal is almost dead.
The jackal barely misses you.
You closely miss the jackal.
The jackal is almost dead.
The jackal bites you.
* * * LOW HITPOINT WARNING * * *
The jackal closely misses you.
The hobgoblin shouts!
You hit the jackal but do no damage.
The jackal is almost dead.
The jackal bites you.
You die...

#.#.#..........#.#)###.
...............#.#.###.
......#.......#.......
.l...................
#..........#.....###.
#...##.#...#.......[.
#...####.......<.###.
#.#######..#####.#.##...## #.
....%g...%.h@...........####.
g#........########.......##.
.h.........##### #..........
#g#............# #..........
#.b..........####........##
g.#####..............#..#.##
.. #..)...........##..... .
................##...##
###..............#....##


You could see a jackal and a hobgoblin.

Vanquished Creatures
  An adder (D:2)
  An ooze (D:1)
  A dart slug (D:1)
  A giant gecko (D:1)
  3 giant cockroaches (D:1)
  5 goblins
  2 hobgoblins (D:1)
  5 jackals (D:2)
  6 bats
  2 giant newts (D:2)
  5 kobolds
  6 rats
38 creatures vanquished.

Notes
Turn   | Place    | Note
--------------------------------------------------------------
     0 | D:1      | emcmxci the High Elf Skald began the quest for the Orb.
     0 | D:1      | Reached XP level 1. HP: 14/14 MP: 4/4
   792 | D:1      | Reached skill level 3 in Long Blades
   803 | D:1      | Reached XP level 2. HP: 19/19 MP: 6/6
  1355 | D:1      | Reached skill level 4 in Long Blades
  1372 | D:1      | Learned a level 2 spell: Song of Slaying
  1375 | D:1      | Learned a level 2 spell: Shroud of Golubria
  1397 | D:2      | Reached XP level 3. HP: 12/24 MP: 0/7
  1738 | D:2      | Found a shadowy altar of Dithmenos.
  1885 | D:2      | Slain by a jackal

Skill      XL: |  1  2 |
---------------+-------+-----
Long Blades    | 3 4 |  4.8
Fighting       | |  2.0
Armour         | |  0.8
Dodging        | |  1.1
Spellcasting   | |  2.5
Charms         | |  3.7

Action                   || total
-------------------------++-------
Melee: Falchion          ||   135
 Cast: Shroud of Golubri ||     2
       Infusion          ||     2
       Song of Slaying   ||     2
 Stab: Sleeping          ||     1
       Distracted        ||     1
  Eat: Chunk             ||     2
Armor: Leather armour    ||    59
Dodge: Dodged            ||    98
